 Dungeon Crawl Stone Soup version 0.25.1-8-g42b30a86e7 (webtiles) character file.

Game seed: 4454322835844231596

201 gruber the Poker (level 5, 0/38 HPs)
             Began as a Demonspawn Gladiator on Dec 14, 2020.
             Slain by a big kobold (7 damage)
             ... on level 4 of the Dungeon.
             The game lasted 00:01:45 (2395 turns).

gruber the Poker (Demonspawn Gladiator)             Turns: 2395, Time: 00:01:45

Health: 0/38       AC:  5    Str: 15    XL:     5   Next: 50%
Magic:  5/5        EV: 12    Int: 10    God:
Gold:   167        SH:  0    Dex: 14    Spells: 4/4 levels left

rFire    . . .     SeeInvis .   a - +0 trident
rCold    . . .     Gourm    .   (no shield)
rNeg     . . .     Faith    .   b - +0 leather armour
rPois    .         Spirit   .   c - +0 helmet
rElec    .         Reflect  .   (no cloak)
rCorr    .         Harm     .   p - +0 pair of gloves
MR       .....                  (no boots)
Stlth    +.........             (no amulet)
HPRegen  0.12/turn              (no ring)
MPRegen  0.09/turn              (no ring)

@: no status effects
A: hooves 1, powered by death 1
a: no special abilities


You were on level 4 of the Dungeon.
You were not hungry.

You visited 1 branch of the dungeon, and saw 4 of its levels.

You collected 167 gold pieces.

Inventory:

Hand Weapons
 a - a +0 trident (weapon)
Missiles
 d - 3 throwing nets (quivered)
Armour
 b - a +0 leather armour (worn)
 c - a +0 helmet (worn)
 j - a +1 hat
 p - a +0 pair of gloves (worn)
Jewellery
 r - a cursed ring of attention {unknown}
Wands
 v - a wand of flame (20)
 w - a wand of polymorph (6)
Scrolls
 g - a scroll of enchant armour {unknown}
 i - 2 scrolls of amnesia {unknown}
 k - a scroll of enchant weapon {unknown}
 l - a scroll of random uselessness {unknown}
 o - 2 scrolls of magic mapping {unknown}
 q - 3 scrolls of remove curse {unknown}
 t - 2 scrolls of identify {unknown}
Potions
 e - a potion of curing
 h - 2 potions of brilliance {unknown}
 m - a potion of flight {unknown}
 n - 2 potions of haste {unknown}
 s - 3 potions of degeneration {unknown}
 u - 2 potions of invisibility {unknown}
 x - a potion of cancellation {unknown}
Comestibles
 f - 8 rations


   Skills:
 - Level 2.0 Fighting
 - Level 5.3 Polearms
 - Level 1.7 Throwing
 * Level 1.7 Armour
 - Level 2.6 Dodging


You had 4 spell levels left.
You didn't know any spells.
Your spell library was empty.

Dungeon Overview and Level Annotations

Branches:
Dungeon (4/15)
 Temple: D:4-7

Altars:
Ashenzari
Fedhas
Gozag
Hepliaklqana
Makhleb
Ru
Wu Jian


Innate Abilities, Weirdness & Mutations

You have large cloven feet.
You regenerate a little health from kills.


Message History

The big kobold is lightly wounded.
The big kobold closely misses you.
You barely miss the big kobold. Your kick misses the big kobold.
The big kobold is lightly wounded.
The big kobold misses you.
A hound comes into view.
You closely miss the big kobold. You kick the big kobold.
The big kobold is lightly wounded.
The big kobold barely misses you.
You closely miss the big kobold. Your kick misses the big kobold.
The big kobold is lightly wounded.
The big kobold closely misses you.
You closely miss the big kobold. You kick the big kobold.
The big kobold is moderately wounded.
The hound pauses to sniff the ground.
The hound barely misses you. The big kobold hits you.
* * * LOW HITPOINT WARNING * * *
The hound bites you but does no damage. The big kobold hits you!
You die...

#. ## ### .# ##.# .#
#..... ..# .# #.#..# ...
.# #.#... #.# .# #.##)#
#.# ####.######
#.##.####.#####..K.......
#.##............@h...#
#.....###.#####†##.#.#
..##.####.# #.# ...
.......÷..# #.# ##.#
..###.#.........# .#
..#...#.#.####### #
..#.#.#.#.# .≈≈.......#
.≈.≈≈..####


You could see a big kobold and a hound.

Vanquished Creatures
  A jelly (D:3)
  Natasha (twice) (D:4)
  6 adders
  An ooze (D:2)
  A worm (D:3)
  3 dart slugs
  3 leopard geckos
  6 bats
  2 giant cockroaches
  6 goblins
  7 hobgoblins
  4 jackals (D:3)
  A quokka (D:3)
  A ball python (D:3)
  A frilled lizard (D:2)
  A jackal skeleton (D:4)
  3 kobolds
  4 rats
53 creatures vanquished.

Notes
Turn   | Place    | Note
-------+----------+-------------------------------------------
     0 | D:1      | gruber the Demonspawn Gladiator began the quest for the
                  | Orb.
     0 | D:1      | Reached XP level 1. HP: 16/16 MP: 1/1
    46 | D:1      | Reached skill level 3 in Polearms
   133 | D:1      | Gained mutation: You have large cloven feet. [demonic
                  | ancestry]
   133 | D:1      | Reached XP level 2. HP: 22/22 MP: 2/2
   711 | D:2      | Reached XP level 3. HP: 27/27 MP: 3/3
  1009 | D:2      | Reached skill level 4 in Polearms
  1132 | D:2      | Found an ornate altar of the Wu Jian Council.
  1142 | D:2      | Found an opulent altar of Gozag.
  1143 | D:2      | Found a burning altar of Makhleb.
  1143 | D:2      | Found a shattered altar of Ashenzari.
  1144 | D:2      | Found a sacrificial altar of Ru.
  1594 | D:2      | Gained mutation: You regenerate a little health from kills.
                  | [demonic ancestry]
  1594 | D:2      | Reached XP level 4. HP: 33/33 MP: 4/4
  1888 | D:3      | Reached skill level 5 in Polearms
  1898 | D:3      | Reached XP level 5. HP: 25/38 MP: 5/5
  2040 | D:3      | Found a hazy altar of Hepliaklqana.
  2072 | D:3      | Found a faded altar of an unknown god.
  2330 | D:4      | Found a blossoming altar of Fedhas.
  2354 | D:4      | Noticed Natasha
  2362 | D:4      | Killed Natasha
  2362 | D:4      | Reached skill level 1 in Armour
  2369 | D:4      | Noticed Natasha
  2379 | D:4      | Killed Natasha
  2384 | D:4      | HP: 1/38 [poisoned by a worker ant]
  2387 | D:4      | Noticed a wolf
  2387 | D:4      | a worker ant changed into a wolf
  2388 | D:4      | a wolf changed into a big kobold
  2395 | D:4      | Slain by a big kobold

Illustrated notes

Levels and vault maps discovered:
D:1:      dpeg_arrival_rhombus, layout_rooms, minmay_misc_feat_square,
          ebering_dispersal_statue_hall
D:2:      layout_basic, old_standard_altar,
          chequers_temple_overflow_statue_of_worship
D:3:      layout_basic, lemuel_doored_altar, chequers_ecumenical_altar_grove,
          first_ration, mrwooster_statue_mirror
D:4:      layout_loops_ring, fedhas_altar_2, minmay_increasing_density,
          uniq_natasha

Skill      XL: |  1  2  3  4  5 |
---------------+----------------+-----
Polearms       | 3 4 5 |  5.3
Armour         | 1 |  1.7
Fighting       | |  2.0
Throwing       | |  1.7
Dodging        | |  2.6

Action                   |  1- 3 |  4- 6 || total
-------------------------+-------+-------++-------
Melee: Trident           |   108 |    90 ||   198
       Kick              |    12 |    17 ||    29
Evoke: Wand              |       |     3 ||     3
  Use: Potion            |       |     2 ||     2
  Eat: Chunk             |     1 |     4 ||     5
Armor: Leather armour    |    20 |    35 ||    55
Dodge: Dodged            |    60 |    78 ||   138
